 Dungeon Crawl Stone Soup version 0.20-a0-681-gf83e07f (webtiles) character file.

1016 slumpy the Ogre Mage (level 8, -1/78 HPs)
             Began as an Ogre Fire Elementalist on Feb 18, 2017.
             Was a Follower of Okawaru.
             Slain by an orc
             ... wielding a +0 hand axe
              (3 damage)
             ... on level 5 of the Dungeon.
             The game lasted 00:34:07 (7115 turns).

slumpy the Ogre Mage (Ogre Fire Elementalist)       Turns: 7115, Time: 00:34:08

Health: -1/78      AC:  3    Str: 13    XL:     8   Next: 21%
Magic:  14/14      EV: 10    Int: 16    God:    Okawaru [*.....]
Gold:   153        SH:  0    Dex: 11    Spells: 7/15 levels left

rFire    . . .     SeeInvis .   a - +1 flail (venom)
rCold    . . .     Gourm    .   F - +0 robe
rNeg     . . .     Faith    .   (no shield)
rPois    .         Spirit   .   (helmet restricted)
rElec    .         Reflect  .   (no cloak)
rCorr    .         Harm     .   (gloves unavailable)
MR       .....                  (boots unavailable)
Stlth    ++........             (no amulet)
Regen    0.3/turn               (no ring)
MPRegen  0.2/turn               n - +3 ring of slaying

@: lethally poisoned (-1 -> -6), exhausted, slowed, drained, very slow
A: unfitting armour, tough skin 1
a: Heroism, Renounce Religion


You were on level 5 of the Dungeon.
You worshipped Okawaru.
Okawaru was aware of your devotion.
You were hungry.

You visited 2 branches of the dungeon, and saw 7 of its levels.

You collected 309 gold pieces.
You spent 156 gold pieces at shops.

Inventory:

Hand Weapons
 a - a +1 flail of venom (weapon)
 e - a +0 club
 g - a +0 whip
 l - a +0 mace
 u - a +2 short sword of protection
 B - a +0 giant spiked club
Missiles
 m - 2 tomahawks of dispersal
 E - 4 javelins of penetration (quivered)
Armour
 s - a +0 large shield
 F - a +0 robe (worn)
Jewellery
 n - a +3 ring of slaying (left hand)
Wands
 v - a wand of lightning (7/15)
 x - a wand of random effects (31/48)
Scrolls
 h - 4 scrolls of teleportation {unknown}
 r - a scroll of remove curse
 w - a scroll of magic mapping {unknown}
 y - a scroll of fear {unknown}
Potions
 d - a potion of magic {unknown}
 i - 3 potions of invisibility
 k - 3 potions of flight
 o - a potion of might {unknown}
 p - a potion of lignification {unknown}
 q - 3 potions of mutation
 z - a potion of berserk rage
 A - a potion of haste {unknown}
 G - a potion of agility
Books
 b - a book of Flames

   Spells                             Type                      Level
   a - Flame Tongue                   Conjuration/Fire             1
   b - Throw Flame                    Conjuration/Fire             2
   c - Conjure Flame                  Conjuration/Fire             3
   d - Inner Flame                    Hexes/Fire                   3
   e - Sticky Flame                   Conjuration/Fire             4
   f - Fireball                       Conjuration/Fire             5
 f - a book of Conjurations

   Spells                             Type                      Level
   a - Magic Dart                     Conjuration                  1
   b - Searing Ray                    Conjuration                  2
   c - Dazzling Spray                 Conjuration/Hexes            3
   d - Fulminant Prism                Conjuration/Hexes            4
   e - Force Lance                    Conjuration/Translocation    4
   f - Iskenderun's Mystic Blast      Conjuration                  4
Comestibles
 c - 4 bread rations
 j - 9 fruits
 t - 3 meat rations
 C - 6 chunks of flesh


   Skills:
 * Level 3.9(3.3) Fighting
 * Level 3.7(3.1) Maces & Flails
 * Level 2.2(1.7) Throwing
 + Level 2.9(2.4) Dodging
 + Level 1.8(1.3) Stealth
 * Level 2.4(1.8) Shields
 + Level 4.0(3.4) Spellcasting
 + Level 2.4(1.8) Conjurations
 + Level 3.8(3.2) Fire Magic
 * Level 2.3(1.8) Invocations


You had 7 spell levels left.
You knew the following spells:

 Your Spells              Type           Power        Failure   Level  Hunger
a - Flame Tongue          Conj/Fire      ##...        10%         1    None
b - Conjure Flame         Conj/Fire      ##......     21%         3    ###....
c - Sticky Flame          Conj/Fire      ##......     75%         4    ####...


Dungeon Overview and Level Annotations

Branches:
Dungeon (6/15)             Temple (1/1) D:4

Altars:
Cheibriados
Elyvilon
Fedhas
Gozag
Hepliaklqana
Kikubaaqudgha
Makhleb
Nemelex Xobeh
Okawaru
Qazlal
Sif Muna
Uskayaw
Vehumet
Xom
Yredelemnul
Zin
The Shining One

Shops:
D:6 (

Annotations:
D:5 HEYYEYAAE's ghost, novice TrBe


Innate Abilities, Weirdness & Mutations

You are too large for most types of armour.
You have tough skin. (AC +1)


Message History

You feel better. HEYYEYAAE's ghost hits you!
* * * LOW HITPOINT WARNING * * *
You are lethally poisoned!
A red film seems to cover your vision as you go berserk!
You feel yourself moving faster!
You feel mighty!
You feel sick. HEYYEYAAE's ghost barely misses you.
You feel a strong urge to attack something.
You feel sick. The orc barely misses you.
You feel your anger subside.
A frilled lizard and 4 orcs come into view.
The frilled lizard hisses angrily.
The orc shouts! x2
You are no longer berserk.
You are exhausted.
You feel yourself slow down.
You feel sick.
There is a stone staircase leading down here.
You feel sick. The orc hits you with a hand axe.
* * * LOW HITPOINT WARNING * * *
* * * LOW HITPOINT WARNING * * *
You feel sick. The orc hits you with a hand axe.
You die...

............. .
..........l
#..!..........
......##...o
#.##.##...
......#..
#.##..#.# #
#.##..#o####.#..#
#.#>...Wo@<.....#
#....##o######.##
###..##.# #..##.#
#...... #.#####
#.# #.# ..


You could see HEYYEYAAE's ghost and 3 orcs.

Vanquished Creatures
  An orc warrior (D:6)
  The ghost of ThermosAquaticus the Stinger, an amateur NaVM (D:3)
  4 ogres (D:6)
  A bullfrog (D:6)
  A crimson imp (D:6)
  A hound (D:6)
  An orc priest (D:2)
  A centaur skeleton (D:6)
  An iguana (D:4)
  2 worker ants
  A hound skeleton (D:5)
  3 gnolls (D:2)
  10 adders
  A shadow imp (D:6)
  A worm (D:2)
  2 dart slugs
  3 leopard geckos
  13 orcs
  A ball python (D:3)
  5 giant cockroaches
  8 goblins
  8 hobgoblins
  6 jackals
  A quokka (D:3)
  8 bats
  A frilled lizard (D:2)
  5 kobolds
  19 rats
110 creatures vanquished.

Notes
Turn   | Place    | Note
-------+----------+-------------------------------------------
     0 | D:1      | slumpy the Ogre Fire Elementalist began the quest for the Orb.
     0 | D:1      | Reached XP level 1. HP: 16/16 MP: 3/3
   318 | D:1      | Reached XP level 2. HP: 24/24 MP: 0/5
  1062 | D:1      | Reached skill level 1 in Conjurations
  1392 | D:1      | Reached XP level 3. HP: 30/31 MP: 4/6
  1893 | D:1      | Learned a level 3 spell: Conjure Flame
  2059 | D:2      | Reached XP level 4. HP: 32/40 MP: 4/8
  2098 | D:2      | Found a hide-covered altar of Uskayaw.
  2115 | D:2      | Reached skill level 1 in Fighting
  2368 | D:2      | Reached skill level 3 in Spellcasting
  2551 | D:2      | Reached skill level 1 in Maces & Flails
  2551 | D:2      | Reached XP level 5. HP: 44/49 MP: 4/9
  3726 | D:3      | Found a white marble altar of Elyvilon.
  3739 | D:3      | Learned a level 4 spell: Sticky Flame
  3761 | D:3      | Found a blossoming altar of Fedhas.
  4010 | D:3      | Noticed ThermosAquaticus's ghost (amateur NaVM)
  4152 | D:4      | Found a staircase to the Ecumenical Temple.
  4161 | Temple   | Entered the Ecumenical Temple
  4374 | Temple   | Upgraded the game from 0.20-a0-680-g5c496f5 to 0.20-a0-681-gf83e07f
  4481 | D:4      | Found an iron altar of Okawaru.
  4488 | D:4      | Became a worshipper of Warmaster Okawaru
  4539 | D:4      | Reached skill level 1 in Shields
  4618 | D:4      | Reached XP level 6. HP: 54/58 MP: 11/11
  5560 | D:3      | Killed ThermosAquaticus's ghost
  6068 | D:5      | Entered Level 5 of the Dungeon
  6068 | D:5      | Noticed a sky beast
  6127 | D:5      | Reached skill level 1 in Throwing
  6175 | D:5      | Noticed HEYYEYAAE's ghost (novice TrBe)
  6358 | D:6      | Reached skill level 1 in Invocations
  6358 | D:6      | Reached XP level 7. HP: 52/66 MP: 12/12
  6471 | D:6      | Reached * piety under Okawaru
  6558 | D:6      | Found Kiaddeig's Antique Weapon Shop.
  6574 | D:6      | Bought a glowing flail for 156 gold pieces
  6752 | D:6      | Reached skill level 4 in Spellcasting
  6752 | D:6      | Reached XP level 8. HP: 15/78 MP: 6/14
  7114 | D:5      | HP: 2/78 [orc/hand axe (4)]
  7115 | D:5      | Slain by an orc

Vault maps used:
D:1:      lightli_arrival_lavapool, minmay_rat_gold_closets
D:2:      eat_drink_and_be_merry_uskayaw
D:3:      fedhas_altar_fruit_tree, elyvilon_altar_5, kennysheep_generic_room_12
D:4:      nicolae_overflow_crystal_walls, minmay_temple_entry_statues_fountains,
          first_bread, corexii_hall_statues_x
D:6:      serial_shops, shop, kennysheep_generic_room_3
Temple:   oiseaux_autumnal_temple

Skill      XL: |  1  2  3  4  5  6  7  8 |
---------------+-------------------------+-----
Fire Magic     | 3 |  3.8
Conjurations   | 1 2 |  2.4
Dodging        | 2 |  2.9
Fighting       | 2 3 |  3.9
Spellcasting   | 3 4 |  4.0
Maces & Flails | 1 2 3 |  3.7
Shields        | 1 2 |  2.4
Throwing       | 1 2 |  2.2
Invocations    | 1 2 |  2.3
Stealth        | |  1.8

Action                   |  1- 3 |  4- 6 |  7- 9 || total
-------------------------+-------+-------+-------++-------
Melee: Club              |     4 |       |       ||     4
       Whip              |    53 |   109 |    13 ||   175
       Flail             |       |       |    41 ||    41
Throw: Javelin           |       |    22 |    13 ||    35
       Tomahawk          |       |       |     1 ||     1
 Cast: Flame Tongue      |    65 |    83 |     3 ||   151
       Conjure Flame     |       |     1 |     2 ||     3
Invok: Heroism           |       |       |     2 ||     2
  Use: Scroll            |     1 |       |     6 ||     7
       Potion            |       |       |     2 ||     2
 Stab: Sleeping          |     2 |       |       ||     2
  Eat: Chunk             |     4 |    14 |     2 ||    20
Armor: Robe              |    20 |    24 |     9 ||    53
Dodge: Dodged            |    57 |    71 |    25 ||   153
